 Dungeon Crawl Stone Soup version 0.17-a0-1470-g474c87d (webtiles) character file.

88 Vlagh the Changer (level 4, -7/28 HPs)
             Began as an Octopode Transmuter on July 1, 2015.
             Was an Initiate of Okawaru.
             Killed by divine providence
             ... invoked by an orc priest
              (15 damage)
             ... on level 3 of the Dungeon.
             The game lasted 00:12:58 (2744 turns).

Vlagh the Changer (Octopode Transmuter)             Turns: 2744, Time: 00:12:58

Health: -7/28      AC:  2    Str: 14    XL:     4   Next: 54%
Magic:  4/7        EV: 19    Int: 16    God:    Okawaru [......]
Gold:   149        SH:  0    Dex: 17    Spells: 3 memorised, 1 level left

rFire  . . .     SeeInvis .       - Unarmed
rCold  . . .     Clarity  .     (shield currently unavailable)
rNeg   . . .     SustAt   .     (helmet currently unavailable)
rPois  x         Gourm    .     (no amulet)
rElec  .         Spirit   .     (no ring)
rCorr  .         Warding  .     (no ring)
rMut   .         Stasis   .     (no ring)
MR     .....                    (no ring)
Stlth  ++........               (no ring)
                                (no ring)
                                (no ring)
                                (no ring)

@: mighty, spider-form, not resistant to hostile enchantments, unstealthy
A: almost no armour, amphibious, 8 rings, (constrict 8), (camouflage 0),
(gelatinous body 0)
a: End Transformation, Renounce Religion


You were on level 3 of the Dungeon.
You worshipped Okawaru.
Okawaru was noncommittal.
You were not hungry.
You were a venomous arachnid creature.
You visited 1 branch of the dungeon, and saw 3 of its levels.

You collected 149 gold pieces.

Inventory:

Missiles
 a - 12 arrows
Jewellery
 r - an uncursed amulet of warding {unknown}
Scrolls
 d - 2 scrolls of amnesia {unknown}
 f - 2 scrolls of identify {unknown}
 j - a scroll of blinking {unknown}
 m - a scroll of recharging {unknown}
 p - a scroll of teleportation {unknown}
 s - a scroll of remove curse {unknown}
Potions
 e - a potion of might
 g - a potion of resistance {unknown}
 h - a potion of cancellation {unknown}
 i - a potion of curing {unknown}
 n - 2 potions of haste {unknown}
 o - a potion of poison {unknown}
Books
 b - a book of Changes

   Spells                             Type                      Level
   a - Beastly Appendage              Transmutation                1
   b - Sticks to Snakes               Transmutation                2
   c - Spider Form                    Transmutation/Poison         3
   d - Ice Form                       Ice/Transmutation            4
   e - Blade Hands                    Transmutation                5
Comestibles
 c - 2 bread rations
 k - a royal jelly
 l - a beef jerky
 q - 3 chunks of flesh


   Skills:
 - Level 1.0 Fighting
 - Level 2.0 Dodging
 + Level 3.2 Unarmed Combat
 - Level 2.0 Spellcasting
 - Level 4.0 Transmutations
 - Level 2.0 Poison Magic


You had one spell level left.
You knew the following spells:

 Your Spells              Type           Power        Failure   Level  Hunger
a - Beastly Appendage     Trmt           ##....       14%         1    #......
b - Sticks to Snakes      Trmt           ##........   21%         2    ###....
c - Spider Form           Trmt/Pois      ##........   36%         3    ###....


Dungeon Overview and Level Annotations

Branches:
Dungeon (3/15)

Altars:
Elyvilon
Kikubaaqudgha
Okawaru
Vehumet


Innate Abilities, Weirdness & Mutations

You cannot wear most types of armour.
You are amphibious.
You can wear up to eight rings at the same time.
((You can use your tentacles to constrict eight enemies at once.))
((Your skin changes colour to match your surroundings (Stealth).))
((Your rubbery body absorbs attacks (AC +1).))


Message History

The orc priest's eyes start to glow.
The orc priest completely misses you.
You barely miss the orc priest.
The orc priest is severely wounded.
The orc priest invokes the aid of Beogh against you.
Something smites you!
Ouch! That really hurt!
You hit the orc.
The orc is poisoned.
The orc is heavily wounded.
The orc priest hits you with a club.
* * * LOW HITPOINT WARNING * * *
The orc priest calls upon Beogh to heal the orc.
The orc's wounds heal themselves!
Drink which item? (? for menu, Esc to quit)
It was a potion of might.
You feel very mighty all of a sudden.
The orc priest invokes the aid of Beogh against you.
Something smites you!
Ouch! That really hurt!
You die...

#.........# #.........#
#.........# ..........#
..........# ....ow....#
.....o....############
....o.os.............#
......o..###########.###
........>...............
...###########.).....###
## #.<.....'.......#
#...#####.......# #...#
#.........# #...#
#.#.......... #...#
#.###.#......


You could see a worm, 4 orc priests and an orc.

Vanquished Creatures
  2 adders (D:2)
  A worm (D:2)
  2 giant geckos
  4 giant cockroaches
  3 goblins
  7 hobgoblins
  13 jackals
  5 bats
  3 giant newts
  16 kobolds
  6 rats
62 creatures vanquished.

Notes
Turn   | Place    | Note
--------------------------------------------------------------
     0 | D:1      | Vlagh the Octopode Transmuter began the quest for the Orb.
     0 | D:1      | Reached XP level 1. HP: 13/13 MP: 3/3
   188 | D:1      | Reached XP level 2. HP: 12/18 MP: 0/5
   913 | D:1      | Reached XP level 3. HP: 23/23 MP: 6/6
   928 | D:1      | Learned a level 2 spell: Sticks to Snakes
   932 | D:1      | Learned a level 3 spell: Spider Form
  1113 | D:1      | Found an iron altar of Okawaru.
  1123 | D:1      | Became a worshipper of Warmaster Okawaru
  1392 | D:2      | Reached skill level 1 in Poison Magic
  1624 | D:2      | Reached XP level 4. HP: 23/28 MP: 5/7
  1970 | D:2      | Found a white marble altar of Elyvilon.
  2047 | D:2      | Found an ancient bone altar of Kikubaaqudgha.
  2052 | D:2      | Found a radiant altar of Vehumet.
  2125 | D:2      | Reached skill level 4 in Transmutations
  2744 | D:3      | Killed from afar by an orc priest

Vault maps used:
D:1:      elethiomel_arrival_infinity_welcomes_careful_drivers,
          okawaru_ov_weapons_minmay
D:2:      nicolae_overflow_crystal_walls, nicolae_overflow_hidden_temple,
          first_bread, hex_medium, minmay_goblin_kobold_house
D:3:      uniq_natasha

Action                   |  1- 3 |  4- 6 || total
-------------------------+-------+-------++-------
Melee: Unarmed           |    88 |    64 ||   152
 Cast: Beastly Appendage |    22 |    14 ||    36
       Spider Form       |       |     3 ||     3
  Use: Potion            |       |     1 ||     1
 Stab: Sleeping          |     9 |     2 ||    11
  Eat: Chunk             |     3 |     4 ||     7
